 Dungeon Crawl Stone Soup version 0.28.0-53-g5a82cb258f (webtiles) character file.

Game seed: 4132128450647240845

636 Infinimo the Skirmisher (level 7, -4/74 HPs)
             Began as an Ogre Gladiator on May 29, 2022.
             Succumbed to a gnoll's poison
             ... on level 3 of the Dungeon.
             The game lasted 00:05:50 (3969 turns).

Infinimo the Skirmisher (Ogre Gladiator)            Turns: 3969, Time: 00:05:51

Health: -4/74      AC:  4    Str: 21    XL:     7   Next: 50%
Magic:  7/7        EV: 10    Int:  9    God:
Gold:   155        SH:  0    Dex: 10    Spells: 6/6 levels left

rFire   . . .      SeeInvis .   a - +0 flail (spect)
rCold   . . .      Faith    .   (no shield)
rNeg    . . .      Spirit   .   b - +0 robe
rPois   .          Reflect  .   c - +0 hat
rElec   .          Harm     .   p - +0 cloak
rCorr   .          Rampage  .   (gloves unavailable)
Will    .....                   (boots unavailable)
Stlth   +.........              (no amulet)
HPRegen 0.22/turn               (no ring)
MPRegen 0.10/turn               (no ring)

@: brilliant, lethally poisoned (-4 -> -25), lit by a corona, glowing
A: large, unfitting armour, tough skin 1
a: no special abilities


You were on level 3 of the Dungeon.
You visited 1 branch of the dungeon, and saw 4 of its levels.

You collected 155 gold pieces.

Inventory:

Hand Weapons
 a - a +0 spectral flail (weapon)
Missiles
 d - 3 throwing nets (quivered)
Armour
 b - a +0 robe (worn)
 c - a +0 hat (worn)
 p - a +0 cloak (worn)
Jewellery
 n - a +6 ring of dexterity
Potions
 e - a potion of lignification
 g - a potion of haste
 i - a potion of degeneration {unknown}
 j - a potion of curing {unknown}
 k - a potion of attraction {unknown}
 l - a potion of cancellation {unknown}
 m - 2 potions of ambrosia


   Skills:
 + Level 5.8 Fighting
 * Level 5.7 Maces & Flails
 - Level 2.0 Throwing
 + Level 4.4 Dodging


You had 6 spell levels left.
You didn't know any spells.
Your spell library was empty.

Dungeon Overview and Level Annotations

Branches:
Dungeon (4/15)
 Temple: D:4-7

Altars:
Elyvilon
Xom
The Shining One

Shops:
D:3 =


Innate Abilities, Weirdness & Mutations

You are too large for most types of armour.
You have tough skin. (AC +1)


Message History

The gnoll shaman invokes the aid of its god against you.
You are outlined in light.
You sock the gnoll shaman!
You kill the gnoll shaman!
You feel sick.
The gnoll hits you from afar with a +1 spear of venom.
You are more poisoned.
You barely miss the gnoll.
Your +0 spectral flail hits the gnoll!
You feel very sick.
The gnoll hits you from afar with a +1 spear of venom.
You are more poisoned.
The gnoll hits you with a +0 flail!
You sock the gnoll!
You kill the gnoll!
You feel very sick. The gnoll misses you.
You sock the water moccasin skeleton!
The water moccasin skeleton is moderately damaged.
Your +0 spectral flail hits the water moccasin skeleton!
You feel very sick.
The water moccasin skeleton bites you but does no damage.
The gnoll hits you from afar with a +1 spear of venom!
You are lethally poisoned!
The water moccasin skeleton closely misses you.
* * * LOW HITPOINT WARNING * * *
You feel extremely sick.
There is a stone staircase leading up here.
* * * LOW HITPOINT WARNING * * *
You feel very sick.
The gnoll hits you from afar with a +1 spear of venom.
* * * LOW HITPOINT WARNING * * *
You are more poisoned.
The water moccasin skeleton bites you but does no damage.
You climb upwards.
* * * LOW HITPOINT WARNING * * *
You feel extremely sick.
There is a stone staircase leading down here.
It was a potion of brilliance.
You feel clever all of a sudden.
You die...

..##....# #...#
#_.##...#
####.###
≈♣≈.#...#
#......#
♣^♣.⌠...#
#.##.#.#
..^.#...#
#.##.#.#
≈≈^######
#....#.# ≈♣##
#..###.# ##
#..###.# ####
########...@..#
...#
#(........#####
#..#
#.#########
#..###.#
.......#
#..##### #..#
...# ####


There were no monsters in sight!

Vanquished Creatures
  Grinder (D:3)
  A water moccasin (D:3)
  A phantom (D:3)
  A water moccasin skeleton (D:3)
  A gnoll shaman (D:4)
  A scorpion zombie (D:4)
  A hound skeleton (D:4)
  6 gnolls
  An adder (D:4)
  An adder skeleton (D:4)
  2 worms
  2 dart slugs
  7 endoplasms
  4 giant cockroaches
  6 goblins
  4 hobgoblins
  6 kobolds
  A quokka (D:1)
  5 ball pythons
  9 bats
  5 frilled lizards
  5 rats
71 creatures vanquished.

Notes
Turn   | Place    | Note
-------+----------+-------------------------------------------
     0 | D:1      | Infinimo the Ogre Gladiator began the quest for the Orb.
     0 | D:1      | Reached XP level 1. HP: 22/22 MP: 1/1
    58 | D:1      | Reached XP level 2. HP: 29/29 MP: 2/2
   602 | D:1      | Reached XP level 3. HP: 32/37 MP: 3/3
  1437 | D:1      | Reached XP level 4. HP: 19/46 MP: 4/4
  2003 | D:2      | Found a white marble altar of Elyvilon.
  2129 | D:2      | Found a faded altar of an unknown god.
  2707 | D:3      | Found Peolamal's Jewellery Shop.
  2827 | D:3      | Noticed a water moccasin
  2838 | D:3      | Killed a water moccasin
  2839 | D:3      | Reached XP level 5. HP: 33/55 MP: 5/5
  3151 | D:3      | Found a shimmering altar of Xom.
  3151 | D:3      | Found a shimmering altar of Xom.
  3153 | D:3      | Found a shimmering altar of Xom.
  3171 | D:3      | Found a shimmering altar of Xom.
  3275 | D:3      | Reached XP level 6. HP: 59/63 MP: 6/6
  3305 | D:3      | Noticed Grinder
  3308 | D:3      | Paralysed by Grinder for 2 turns
  3311 | D:3      | Killed Grinder
  3312 | D:3      | Reached skill level 5 in Fighting
  3312 | D:3      | Reached skill level 5 in Maces & Flails
  3312 | D:3      | Reached XP level 7. HP: 20/72 MP: 7/7
  3602 | D:3      | Found a glowing golden altar of the Shining One.
  3968 | D:3      | HP: 1/74 [poisoned by a gnoll]
  3969 | D:3      | Succumbed to a gnoll's poison

Illustrated notes

Levels and vault maps discovered:
D:1:      dpeg_arrival_tiny_c, layout_loops_corners, minmay_close_crescents
D:2:      layout_loops_corners, chequers_ecumenical_altar_simple, basic_altar,
          kennysheep_doodads, grunt_ministairs_14
D:3:      layout_loops_cross, xom_redecorated, tso_metal_star, serial_shops,
          shop, nrook_loot_triangle, uniq_grinder
D:4:      layout_rooms, serial_undead, serial_undead_a, serial_undead_f,
          serial_undead_e, serial_undead_b

Skill      XL: |  1  2  3  4  5  6 |
---------------+-------------------+-----
Fighting       | 3 4 5 |  5.8
Maces & Flails | 3 4 5 |  5.7
Dodging        | 3 4 |  4.4
Throwing       | |  2.0

Action                   |  1- 3 |  4- 6 |  7- 9 || total
-------------------------+-------+-------+-------++-------
Melee: Flail             |    92 |    69 |    19 ||   180
       Punch             |     2 |     3 |     1 ||     6
  Use: Scroll            |       |     5 |     3 ||     8
       Potion            |       |       |     1 ||     1
 Stab: Sleeping          |     1 |       |     1 ||     2
Armor: Robe              |    29 |    16 |     3 ||    48
Dodge: Dodged            |    47 |    35 |    12 ||    94
